AoeStats
← Led-Set

Arena

504142511Analyzed
2v2 RM · 27d ago on Sep 4, 2026· 45m 50s· 4 players
Game mode
Random Map
Map size
Medium (4 player)
Population
200
Speed
Normal
Resources
Standard
Victory
Conquest
Starting age
Dark Age
Ending age
Imperial Age
RankedLock teamsTeams togetherTeam positionsShared explorationLock speedFull tech treeHidden civsTurbo modeCheats
Victory
Defeat
🇨🇱 Khmer · Chile
854
+13
🇨🇱 Japanese · Chile
853
+13
🇵🇪 Persians · Peru
827
-15
🇵🇪 Bohemians · Peru
746
-11
F e m t o
10:29 Feudal Age
11:05 Horse Collar
13:49 Loom
17:59 Castle Age
23:06 Wheelbarrow
22:19 Loom
22:20 Town Watch
22:57 Heavy Plow
22:51 Double-Bit Axe
29:12 Husbandry
29:22 Bloodlines
31:31 Hand Cart
35:46 Scale Barding Armor
35:51 Forging
38:38 Imperial Age
37:20 Ballistics
37:11 Masonry
37:33 Chain Barding Armor
39:46 Caravan
40:24 Fletching
42:35 Double Crossbow
43:50 Conscription
44:45 Plate Barding Armor
44:46 Iron Casting
44:19 Siege Engineers
44:51 Gold Mining
44:52 Stone Mining
46:42 Chemistry
Led-Set
11:00 Feudal Age
11:29 Double-Bit Axe
11:29 Horse Collar
19:03 Castle Age
16:55 Man-at-Arms
18:18 Man-at-Arms
18:43 Arson
19:25 Gold Mining
19:35 Gambesons
19:11 Long Swordsman
21:55 Bow Saw
27:30 Gambesons
27:46 Squires
31:01 Forging
37:25 Imperial Age
38:43 Padded Archer Armor
38:45 Scale Mail Armor
39:21 Iron Casting
41:42 Elite Samurai
42:44 Kataparuto
43:48 Wheelbarrow
43:31 Chain Mail Armor
TE LA ENTIERRO
11:05 Feudal Age
9:21 Loom
14:33 Man-at-Arms
15:18 Arson
16:46 Forging
24:13 Castle Age
28:09 Double-Bit Axe
28:30 Gold Mining
28:22 Horse Collar
29:53 Kamandaran
29:48 Fletching
29:59 Padded Archer Armor
31:05 Bow Saw
31:02 Heavy Plow
32:04 Gold Shaft Mining
31:13 Crossbowman
32:54 Thumb Ring
36:10 Bodkin Arrow
36:31 Leather Archer Armor
42:04 Imperial Age
42:08 Ballistics
43:53 Chemistry
44:41 Onager
el ronpe culos
11:07 Feudal Age
14:25 Double-Bit Axe
20:32 Castle Age
25:03 Fletching
29:18 Imperial Age
28:04 Crossbowman
30:46 Bow Saw
Connection lost

Rejoining the realm…

Still unreachable

The connection could not be restored.

Session expired

The server has moved on; the page needs a fresh start.